 Dungeon Crawl Stone Soup version 0.29-a0-371-g91724d5b39 (webtiles) character file.

Game seed: 1998756027269237548

27 xaos the Cutter (level 3, 0/26 HPs)
             Began as a Human Wanderer on May 2, 2022.
             Succumbed to an adder's poison
             ... on level 2 of the Dungeon.
             The game lasted 00:04:58 (2036 turns).

xaos the Cutter (Human Wanderer)                    Turns: 2036, Time: 00:04:58

Health: 0/26       AC:  3    Str: 13    XL:     3   Next: 25%
Magic:  3/3        EV: 11    Int: 11    God:
Gold:   59         SH:  4    Dex: 14    Spells: 1/2 levels left

rFire   . . .      SeeInvis .   l - +2 short sword (speed)
rCold   . . .      Faith    .   c - +0 buckler
rNeg    . . .      Spirit   .   j - +0 leather armour
rPois   .          Reflect  .   (no helmet)
rElec   .          Harm     .   (no cloak)
rCorr   .          Rampage  .   (no gloves)
Will    .....                   (no boots)
Stlth   ++........              (no amulet)
HPRegen 0.08/turn               (no ring)
MPRegen 0.08/turn               (no ring)

@: lethally poisoned (0 -> -2)
A: no striking features
a: no special abilities


You were on level 2 of the Dungeon.
You visited 1 branch of the dungeon, and saw 2 of its levels.

You collected 59 gold pieces.

Inventory:

Hand Weapons
 a - a +2 short sword
 k - a +0 hunting sling
 l - a +2 short sword of speed (weapon)
Armour
 c - a +0 buckler (worn)
 e - a +0 robe
 j - a +0 leather armour (worn)
Scrolls
 b - a scroll of fog
 f - a scroll of summoning {unknown}
 i - 2 scrolls of identify {unknown}
Potions
 d - a potion of attraction
 g - 2 potions of curing {unknown}
 h - 2 potions of magic {unknown}


   Skills:
 + Level 1.0 Fighting
 + Level 3.6 Short Blades
 + Level 1.4 Dodging
 + Level 2.1 Stealth
 + Level 2.2 Shields
 + Level 1.2 Evocations


You had one spell level left.
You knew the following spells:

 Your Spells              Type           Power      Damage    Failure   Level
a - Summon Small Mammal   Summ           0%         N/A       52%         1

Your spell library contained the following spells:

 Spells                   Type           Power      Damage    Failure   Level
 Animate Skeleton         Necr           0%         N/A       52%         1
 Apportation              Tloc           0%         N/A       52%         1


Dungeon Overview and Level Annotations

Branches:
Dungeon (2/15)

Altars:


Message History

Found 12 gold pieces.
Found a stone staircase leading up.
A kobold comes into view. It is wielding a +0 whip.
The adder hisses angrily.
The kobold shouts!
The adder bites you.
You are poisoned.
The adder poisons you!
You hit the adder.
The adder is lightly wounded.
You feel sick. The adder bites you.
You are more poisoned.
The adder poisons you!
You closely miss the adder.
The adder is lightly wounded.
You feel sick. The kobold closely misses you.
You miss the adder.
The adder is lightly wounded.
You feel sick. The adder bites you.
You hit the adder.
The adder is severely wounded.
You feel sick. The kobold hits you with a +0 whip. The adder bites you.
You miss the adder.
The adder is severely wounded.
* * * LOW HITPOINT WARNING * * *
You feel sick. You block the adder's attack. The kobold closely misses you.
The adder attacks as you move away! The adder completely misses you.
* * * LOW HITPOINT WARNING * * *
You feel sick. The kobold closely misses you.
The adder attacks as you move away! The adder closely misses you.
* * * LOW HITPOINT WARNING * * *
You feel sick.
* * * LOW HITPOINT WARNING * * *
You feel sick. The adder closely misses you.
* * * LOW HITPOINT WARNING * * *
You feel sick.
* * * LOW HITPOINT WARNING * * *
You feel sick.
You closely miss the adder.
The adder is severely wounded.
You die...

#......#
......#
.....(#######
..$.........##
.##
.............#
.#. #########
#'#.......#
.#. #.......#
##'#....##.#
.#.##.#####.#
#..K..#.#
.#......#
#.###.@S..#.#
.#..#.#.#
#...'.....#.#
.##.#.#.#
#####.....#.#
....#.# #
.......#.#
.#..#.#
.###....#.#
.#..#.# #
######.#
.#..#..
.#..### ##..#


You could see an adder and a kobold.

Vanquished Creatures
  A dart slug (D:1)
  4 bats
  3 endoplasms (D:1)
  3 goblins
  A hobgoblin (D:1)
  A kobold (D:1)
  2 quokkas
  4 ball pythons
  2 frilled lizards (D:1)
  3 rats (D:1)
24 creatures vanquished.

Notes
Turn   | Place    | Note
-------+----------+-------------------------------------------
     0 | D:1      | xaos the Human Wanderer began the quest for the Orb.
     0 | D:1      | xaos set off with the following items: a +2 short sword, a
                  | scroll of fog, a +0 buckler, a potion of attraction, a +0
                  | robe
     0 | D:1      | Reached XP level 1. HP: 15/15 MP: 1/1
   269 | D:1      | Reached XP level 2. HP: 7/21 MP: 2/2
  1237 | D:1      | Reached XP level 3. HP: 21/26 MP: 3/3
  1973 | D:2      | Learned a level 1 spell: Summon Small Mammal
  2035 | D:2      | HP: 1/26 [poisoned by an adder]
  2036 | D:2      | Succumbed to an adder's poison

Illustrated notes

Levels and vault maps discovered:
D:1:      roderic_dead_forest, layout_loops_ring, minmay_pentomino_r4
D:2:      layout_basic, dilly_ecumenical_altar_fadedgnrine,
          kennysheep_generic_room_4

Action                   || total
-------------------------++-------
Melee: Short sword       ||    76
 Cast: Summon Small Mamm ||     1
Armor: Robe              ||    16
       Leather armour    ||     5
Dodge: Dodged            ||    56
Block: Buckler           ||    20

Table legend: (Time is in decaauts)
 A = Elapsed time spent in this place.
 B = Non-inter-level travel time spent in this place.
 C = Inter-level travel time spent in this place.
 D = Time resting spent in this place.
 E = Time spent auto-exploring this place.
 F = Levels seen in this place.
 G = Mean time per level.
                   A        B        C        D        E       F      G
               +--------+--------+--------+--------+--------+-----+--------+
         Total |   2028 |   2028 |      0 |   1204 |    213 |   2 | 1014.0 |
       Dungeon |   2028 |   2028 |      0 |   1204 |    213 |   2 | 1014.0 |
               +--------+--------+--------+--------+--------+-----+--------+

Top non-repeatable levels by time:
     D:1: 1785 daAuts
     D:2: 242 daAuts
